Map: Croisement de Kairos EC

Players

Sorandom - Winner!

  • Race: Zerg Zerg
  • League: Diamond
  • Spawn Location: 11:00

Tyler

  • Race: Terran Terran
  • Spawn Location: 5:00

VOD

Have the link to the VOD?

Description

Time

  • Played on: April 1, 2019, 4:49 p.m.
  • Length: 14:31
Show
View Real Time Build Order
Export as new Build Order

Sorandom Zerg - Winner!

Build Orders: Pool First 

Get SALT Encoding   

  12  0:01  Drone  
  13  0:17  Overlord  
  13  0:22  Drone  
  14  0:36  Drone  
  14  0:37  Drone  
  14  0:42  Spawning Pool  
  15  0:45  Drone  
  16  0:51  Extractor  
  16  0:55  Drone  
  16  1:16  Hatchery  
  15  1:19  Drone  
  16  1:29  Zergling x2  
  16  1:30  Drone  
  18  1:36  Drone  
  19  1:45  Queen  
  21  1:52  Overlord  
  21  1:59  Drone  
  22  2:09  Roach Warren  
  22  2:11  Drone  
  22  2:17  Drone  
  23  2:26  Queen  
  25  2:30  Drone  
  25  2:34  Drone  
  27  2:42  Drone  
  27  2:43  Drone  
  29  2:53  Drone  
  29  2:54  Drone x3  
  33  3:01  Queen  
  35  3:06  Overlord  
  35  3:11  Drone  
  36  3:14  Overlord  
  36  3:27  Roach  
  36  3:28  Roach x3  
  36  3:32  Roach  
  46  3:38  Drone  
  47  3:44  Spine Crawler  
  47  3:47  Zergling x2  
  47  3:48  Zergling x6  
  50  3:54  Ravager x2  
  52  3:57  Overlord  
  52  4:05  Lair  
  52  4:10  Metabolic Boost  
  52  4:24  Roach  
  54  4:26  Extractor  
  54  4:29  Drone x3  
  56  4:31  Drone x3  
  56  4:34  Drone  
  60  4:38  Extractor  
  60  4:39  Zergling x2  
  60  4:56  Overlord x2  
  60  4:58  Overlord  
  60  5:14  Queen x2  
  60  5:17  Roach x3  
  60  5:18  Roach x3, Ravager  
  76  5:40  Roach x4  
  76  5:41  Roach, Drone  
  76  5:42  Drone  
  81  5:49  Queen  
  83  5:58  Hatchery  
  82  6:12  Drone x2  
  82  6:16  Overlord  
  82  6:17  Extractor, Overlord x3  
  83  6:29  Drone  
  83  6:31  Overlord x2  
  84  6:37  Spore Crawler  
  83  6:41  Drone  
  83  6:42  Drone x2  
  86  6:50  Glial Reconstitution  
  86  6:51  Spire  
  86  6:53  Extractor  
  84  6:58  Evolution Chamber  
  84  6:59  Evolution Chamber  
  82  7:04  Baneling Nest  
  82  7:05  Drone x2  
  82  7:06  Drone  
  84  7:13  Drone x2  
  86  7:15  Overseer  
  86  7:34  Drone x9  
  95  7:44  Zerg Melee Weapons Level 1, Zerg Ground Armor Level 1  
  88  8:04  Mutalisk x4  
  88  8:05  Mutalisk  
  95  8:15  Drone  
  95  8:16  Drone x4  
  95  8:18  Drone  
  101  8:20  Mutalisk  
  101  8:24  Spore Crawler  
  102  8:30  Extractor  
  101  8:42  Mutalisk  
  101  8:43  Mutalisk x3  
  101  8:47  Drone  
  101  8:48  Drone x2  
  112  8:56  Mutalisk  
  114  9:08  Mutalisk  
  116  9:17  Zerg Flyer Weapons Level 1  
  116  9:21  Hatchery  
  116  9:23  Pneumatized Carapace  
  115  9:30  Drone x2  
  115  9:31  Drone x4  
  119  9:32  Drone x2  
  123  9:40  Zergling x2  
  123  9:41  Zergling x14  
  131  9:48  Drone  
  131  9:49  Drone  
  133  10:06  Overlord x5  
  133  10:14  Zergling x4  
  134  10:19  Overlord  
  134  10:20  Zergling x2  
  136  10:22  Baneling  
  136  10:23  Baneling x15, Centrifical Hooks  
  136  10:25  Zerg Melee Weapons Level 2  
  136  10:26  Zerg Ground Armor Level 2  
  136  10:51  Zergling x2  
  136  10:52  Zergling x26  
  150  10:59  Zergling x2  
  150  11:00  Zergling x4  
  153  11:19  Zergling x2  
  153  11:20  Zergling x12  
  153  11:21  Baneling x6  
  153  11:22  Baneling x29  
  153  11:23  Baneling x3  
  160  11:25  Zergling x2  
  160  11:26  Zergling x2  
  160  11:28  Overlord  
  162  11:33  Zerg Flyer Armor Level 1  
  162  11:34  Drone  
  162  11:35  Drone x2  
  162  11:49  Extractor  
  162  11:53  Zergling x2  
  162  11:54  Zergling x12  
  162  11:55  Extractor  
  162  11:57  Baneling x11  
  162  11:58  Baneling x9  
  163  12:03  Drone  
  163  12:04  Drone x2  
  163  12:05  Drone x3  
  169  12:11  Overseer  
  169  12:14  Zergling x2  
  169  12:15  Zergling x12  
  176  12:29  Mutalisk x5  
  186  12:37  Mutalisk  
  186  12:39  Zergling x6  
  191  13:05  Zergling x2  
  192  13:06  Zergling x16  
  200  13:27  Baneling  
  200  13:28  Baneling x18  
  200  13:29  Baneling x26  
  200  13:30  Baneling x2  
Show
View Real Time Build Order
Export as new Build Order

Tyler Terran 

Build Orders:  

Get SALT Encoding   

  12  0:01  SCV  
  13  0:13  SCV  
  14  0:19  Supply Depot  
  14  0:25  SCV  
  15  0:40  SCV  
  15  0:41  Barracks  
  16  0:46  Refinery  
  16  0:52  SCV  
  17  1:04  SCV  
  17  1:06  Barracks  
  18  1:17  SCV  
  19  1:33  Orbital Command  
  19  1:41  Refinery, Barracks Reactor  
  19  1:53  Marine  
  20  1:59  Supply Depot  
  20  2:08  Factory  
  20  2:11  SCV  
  21  2:18  Marine x2  
  23  2:24  SCV  
  23  2:27  Barracks Tech Lab  
  24  2:36  SCV, Marine x2  
  27  2:47  Supply Depot, Marine  
  28  2:54  Combat Shield  
  28  2:56  SCV  
  29  3:01  Marine  
  30  3:09  SCV  
  31  3:14  Starport  
  31  3:30  Marine  
  31  3:32  SCV  
  33  3:41  Supply Depot  
  33  3:44  Hellion  
  33  3:48  Marine  
  36  3:50  Hellion  
  38  4:06  Marine  
  39  4:13  SCV  
  39  4:14  Armory  
  39  4:15  Hellion x2  
  44  4:18  Stimpack  
  44  4:21  Barracks Reactor  
  44  4:36  Supply Depot  
  44  4:37  Medivac, Supply Depot  
  48  4:45  Hellion  
  48  5:02  Marine  
  48  5:03  Marine  
  50  5:07  Medivac  
  52  5:20  Marine  
  33  5:47  Hellion x2  
  37  5:50  Marine  
  37  5:51  Marine x2  
  37  5:56  Medivac  
  42  6:08  Hellion  
  42  6:09  Hellion  
  46  6:19  Marine  
  46  6:20  Marine x2  
  49  6:26  Medivac  
  49  6:30  Hellion x2  
  55  6:46  Command Center  
  55  6:51  Hellion x2  
  59  7:13  Hellion  
  61  7:15  Reaper, Marine x2  
  61  7:18  Hellion  
  66  7:33  Marine x2  
  66  7:34  Hellion  
  70  7:47  Marine  
  47  8:21  SCV  
  47  8:26  SCV  
  49  8:31  Marine x3  
  49  8:33  Medivac, SCV  
  55  8:36  Hellion x2  
  55  8:38  SCV  
  60  8:45  SCV  
  61  8:49  Marine  
  61  8:54  SCV  
  63  8:56  Marine x2  
  63  8:57  Hellion x2, SCV  
  70  9:03  Medivac  
  70  9:05  Supply Depot  
  70  9:06  Supply Depot, SCV, Marine  
  74  9:14  Marauder, Marine  
  77  9:18  Hellion x2  
  77  9:19  SCV  
  77  9:22  SCV  
  83  9:35  Medivac  
  83  9:36  Marauder  
  87  9:40  Hellion x2  
  91  9:57  Marauder  
  93  10:01  Hellion  
  95  10:08  Command Center  
  67  11:35  Marine x3  
  70  11:53  Marine x3  
  58  11:57  Medivac  
  58  11:59  Hellion x2  
  65  12:01  SCV x2  
  66  12:10  Orbital Command, Marine  
  66  12:11  Marine x2  
  66  12:13  SCV  
  70  12:20  Hellion x2  
  74  12:26  Medivac  
  76  12:32  Engineering Bay  
  76  12:33  Concussive Shells  
  76  12:35  Marauder  
  78  12:38  Marine x2  
  78  12:42  Hellion x2, SCV  
  79  12:54  SCV  
  79  12:55  Marine  
  79  12:56  Medivac, Marauder, Marine  
  81  13:03  Hellion x2  
  82  13:13  Marine  
  82  13:17  Marauder  
  85  13:24  Hellion x2  
  89  13:39  Marauder  
  91  13:46  Hellion x2  
Tags
 
League
Diamond
Matchup
TvZ
Opening
Pool First
Replay Pack
Pack 2
Spawn Locations
Cross Positions
Add a new tag
Caveats
  • Supply blocks, unpowered buildings, or Contaminate may cause inaccurate times.
  • Supply counts are checked every 10 seconds.